 Dungeon Crawl Stone Soup version 0.31-a0-691-g409c26aa35 (webtiles) character file.

Game seed: 14823001231188246216

2221 cforsyth the Fighter (level 9, -5/67 (72) HPs)
             Began as a Djinni Chaos Knight on Sept 6, 2023.
             Was a Plaything of Xom.
             Shot with a bolt by an orc warrior (15 damage)
             ... in a bailey.
             The game lasted 00:10:33 (6324 turns).

cforsyth the Fighter (Djinni Chaos Knight)          Turns: 6324, Time: 00:10:33

HP:   -5/67 (72)    AC: 13    Str: 11    XL:     9   Next: 61%
Gold: 390           EV:  7    Int: 22    God:    Xom [...*..] SH:  0 Dex: 14

rFire   + + +        j - +3 spear of Ferocious Subterfuge {flame, rElec rF+ Int+4}
rCold   . . .        (no shield)
rNeg    . . .        A - +0 plate armour
rPois   ∞            w - +0 helmet
rElec   +            (no cloak)
rCorr   +            B - +1 pair of gloves of Gehenna {rC+ Dex+3}
SInv    .            (boots unavailable)
Will    ++...        (no amulet) Stlth
                     h - ring "Gazxig" {rCorr Slay+3}
HPRegen 0.31/turn    C - +5 ring of evasion
MPRegen 0.00/turn

%: infuse magic (-6 HP)
@: flying, drained
A: sickness immunity, fire resistance 2, cold vulnerability 1, float, innate
caster, HP casting, extra vitality 1, clumsy 1, strong-willed 2, MP-powered
wands
a: Renounce Religion


You were in a bailey.
You worshipped Xom.
You were a favourite toy of Xom.
You visited 1 branch of the dungeon, and saw 7 of its levels.
You also visited: Bailey.

You collected 390 gold pieces.

Inventory:

Hand Weapons
 a - a +0 spectral falchion
 j - the +3 spear of Ferocious Subterfuge (weapon) {flame, rElec rF+ Int+4}
   (You found it on level 2 of the Dungeon)

   Int+4:     It affects your intelligence (+4).
   rF+:       It protects you from fire.
   rElec:     It insulates you from electricity.
 E - the +3 short sword "Sosick" {drain, rF+ rN+ Str-5 Int+3}
   (You found it on level 6 of the Dungeon)

   Str-5:     It affects your strength (-5).
   Int+3:     It affects your intelligence (+3).
   rF+:       It protects you from fire.
   rN+:       It protects you from negative energy.
Missiles
 x - 2 throwing nets
 D - 6 atropa-tipped darts
Armour
 b - a +2 leather armour
 w - a +0 helmet (worn)
 A - a +0 plate armour (worn)
 B - the +1 pair of gloves of Gehenna (worn) {rC+ Dex+3}
   (You found it on level 3 of the Dungeon)

   Dex+3:     It affects your dexterity (+3).
   rC+:       It protects you from cold.
Jewellery
 d - a ring of willpower
 h - the ring "Gazxig" (left hand) {rCorr Slay+3}
   (Xom gifted it to you on level 1 of the Dungeon)

   [ring of resist corrosion]

   Slay+3:    It affects your accuracy & damage with ranged weapons and melee
   (+3).
   rCorr:     It protects you from acid and corrosion.
 C - a +5 ring of evasion (right hand)
 G - a ring of see invisible
Scrolls
 c - 2 scrolls of butterflies
 f - 2 scrolls of amnesia
 r - a scroll of fog {unknown}
 v - a scroll of enchant weapon {unknown}
 I - a scroll of immolation {unknown}
Potions
 e - 2 potions of brilliance {unknown}
 n - a potion of attraction {unknown}
 o - 2 potions of curing
 p - 3 potions of haste
 q - 3 potions of invisibility {unknown}
 s - 2 potions of berserk rage {unknown}
 t - a potion of might {unknown}
 u - a potion of magic {unknown}
 H - 2 potions of mutation {unknown}


   Skills:
 + Level 9.1 Fighting
 - Level 2.7 Long Blades
 - Level 1.1 Armour
 - Level 2.2 Dodging
 + Level 6.2 Spellcasting
 + Level 6.2 Conjurations
 + Level 6.2 Hexes
 + Level 6.2 Summonings
 + Level 6.2 Necromancy
 + Level 6.2 Translocations
 + Level 6.2 Transmutations
 + Level 6.2 Fire Magic
 + Level 6.2 Ice Magic
 + Level 6.2 Air Magic
 + Level 6.2 Earth Magic
 + Level 6.2 Poison Magic


You knew the following spells:

 Your Spells              Type           Power      Damage    Failure   Level
a - Apportation           Tloc           68%        N/A       94%         1
b - Blink                 Tloc           68%        N/A       98%         2
c - Teleport Other        Tloc           34%        N/A       100%        3
d - Cause Fear            Hex            17%        N/A       100%        4
Your spell library was empty.


Dungeon Overview and Level Annotations

Branches:
Dungeon (7/15)             Temple (0/1) D:7          Bailey (1/1)

Altars:
Ashenzari
Fedhas
Okawaru
Qazlal
Uskayaw
The Shining One

Annotations:
D:5 3 runed translucent doors, freelancePsychic's ghost, novice MiCj


Innate Abilities, Weirdness & Mutations

You are immune to sickness and miasma.
You are immune to poison.
Your flesh is very heat resistant. (rF++)
You are vulnerable to cold. (rC-)
You float through the air rather than walking.
You learn spells naturally, not from books.
Your magical power is your life essence.
You have superior vitality. (+4 MHP)
You are clumsy. (Dex -2)
You are highly strong-willed. (Will++)
You expend health (3 HP) to strengthen your wands.


Message History

You reach to attack!
You closely miss the orc warrior.
The orc warrior is severely wounded.
The orc warrior shoots a bolt.
The bolt hits you.
Reach: j) +3 spear of Ferocious Subterfuge {flame, rElec rF+ Int+4}
Press: ? - help, Dir - move target, f/p - orc warrior
Aim: an orc warrior, wielding a +0 arbalest and wearing a +0 ring mail (severely wounded, about 35% to evade the +3 spear of Ferocious Subterfuge)
You reach to attack!
You closely miss the orc warrior.
The orc warrior is severely wounded.
The orc warrior shoots a bolt.
The bolt hits you but does no damage.
Reach: j) +3 spear of Ferocious Subterfuge {flame, rElec rF+ Int+4}
Press: ? - help, Dir - move target, f/p - orc warrior
Aim: an orc warrior, wielding a +0 arbalest and wearing a +0 ring mail (severely wounded, about 35% to evade the +3 spear of Ferocious Subterfuge)
You reach to attack!
You closely miss the orc warrior.
The orc warrior is severely wounded.
The orc warrior shoots a bolt.
The bolt hits you.
Reach: j) +3 spear of Ferocious Subterfuge {flame, rElec rF+ Int+4}
Press: ? - help, Dir - move target, f/p - orc warrior
Aim: an orc warrior, wielding a +0 arbalest and wearing a +0 ring mail (severely wounded, about 35% to evade the +3 spear of Ferocious Subterfuge)
You reach to attack!
You hit the orc warrior but do no damage.
The orc warrior is severely wounded.
The orc warrior shoots a bolt.
The bolt hits you!
* * * LOW HITPOINT WARNING * * *
Reach: j) +3 spear of Ferocious Subterfuge {flame, rElec rF+ Int+4}
Press: ? - help, Dir - move target, f/p - orc warrior
Aim: an orc warrior, wielding a +0 arbalest and wearing a +0 ring mail (severely wounded, about 35% to evade the +3 spear of Ferocious Subterfuge)
You reach to attack!
You hit the orc warrior. You burn the orc warrior.
The orc warrior is almost dead.
The orc warrior shoots a bolt.
The bolt hits you!
* * * LOW HITPOINT WARNING * * *
An orc comes into view. It is wielding a +0 arbalest.
The orc shouts!
Found a gate leading back out of this place.
The orc warrior shoots a bolt.
The bolt barely misses you.
Okay, then.
The orc warrior shoots a bolt.
The bolt closely misses you.
The orc warrior shoots a bolt.
The bolt hits you.
* * * LOW HITPOINT WARNING * * *
You feel better.
The orc warrior shoots a bolt.
The bolt hits you!
You die...

~~~~~~~~~.....#
~~~~~~~~~.....# ~
~~≈≈≈~≈≈~.....#
~~~~≈##.#≈≈.....#
~~~~≈#∩.##≈.....#
~~~~~..o.#≈o....#
~~~o≈##o##≈.....#
~~~~≈≈###≈≈.....#
~~~~~≈≈@≈≈~.....#
................#
................#
................#
...............∩#
#################


You could see 2 orc warriors and 2 orcs.

Vanquished Creatures
  Grinder (D:6)
  Prince Ribbit (D:5)
  Sigmund (D:3)
  A steam dragon (D:6)
  A black bear (D:4)
  An orc warrior (D:6)
  An ogre (D:6)
  2 sky beasts
  A phantom (D:7)
  A kobold brigand (D:4)
  A scorpion (D:7)
  2 killer bees (D:7)
  2 hounds
  A gnoll bouda (D:5)
  4 orc priests
  2 sleepcaps (D:5)
  2 iguanas (D:5)
  3 orc wizards
  11 adders
  4 gnolls (D:5)
  A white imp (D:5)
  2 ufetubi
  5 worms
  A dart slug (D:2)
  20 orcs
  7 endoplasms
  3 giant cockroaches
  9 goblins
  6 hobgoblins
  8 jackals
  5 quokkas
  11 ball pythons
  9 bats
  2 frilled lizards
  24 kobolds
  9 rats
165 creatures vanquished.

Vanquished Creatures (collateral kills)
  2 wights (D:7)
  A shadow imp (D:7)
3 creatures vanquished.

Vanquished Creatures (others)
  An orc (D:5)
1 creature vanquished.

Grand Total: 169 creatures vanquished

Notes
Turn   | Place    | Note
-------+----------+-------------------------------------------
     0 | D:1      | cforsyth the Djinni Chaos Knight began the quest for the
                  | Orb.
     0 | D:1      | Reached XP level 1. HP: 20/20 MP: 0/0
   129 | D:1      | Reached XP level 2. HP: 23/25 MP: 0/0
   170 | D:1      | XOM: divination: detect items
   206 | D:1      | XOM: divination: detect creatures
   343 | D:1      | XOM: butterfly on damage
   345 | D:1      | Reached XP level 3. HP: 21/30 MP: 0/0
   345 | D:1      | Learned a level 1 spell: Apportation
   402 | D:1      | Reached skill level 1 in Spellcasting
   402 | D:1      | Reached skill level 1 in Conjurations
   402 | D:1      | Reached skill level 1 in Hexes
   402 | D:1      | Reached skill level 1 in Summonings
   402 | D:1      | Reached skill level 1 in Necromancy
   402 | D:1      | Reached skill level 1 in Translocations
   402 | D:1      | Reached skill level 1 in Transmutations
   402 | D:1      | Reached skill level 1 in Fire Magic
   402 | D:1      | Reached skill level 1 in Ice Magic
   402 | D:1      | Reached skill level 1 in Air Magic
   402 | D:1      | Reached skill level 1 in Earth Magic
   402 | D:1      | Reached skill level 1 in Poison Magic
   561 | D:1      | Identified the ring "Gazxig" {rCorr Slay+3} (Xom gifted it
                  | to you on level 1 of the Dungeon)
   561 | D:1      | XOM: god gift: ring "Gazxig" {rCorr Slay+3}
   660 | D:1      | Found a faded altar of an unknown god.
   834 | D:2      | Identified the +3 spear of Ferocious Subterfuge {flame,
                  | rElec rF+ Int+4}
   929 | D:2      | Reached XP level 4. HP: 29/37 MP: 0/0
  1252 | D:3      | Reached skill level 4 in Fighting
  1391 | D:3      | Found a stormy altar of Qazlal.
  1408 | D:3      | Found a blossoming altar of Fedhas.
  1409 | D:3      | Found a broken altar of Ashenzari.
  1450 | D:3      | Noticed Sigmund
  1456 | D:3      | XOM: cleaving
  1460 | D:3      | Killed Sigmund
  1461 | D:3      | Reached skill level 5 in Fighting
  1461 | D:3      | Reached XP level 5. HP: 29/43 MP: 0/0
  1461 | D:3      | Learned a level 2 spell: Blink
  1461 | D:3      | Reached XP level 6. HP: 33/49 MP: 0/0
  1658 | D:3      | Found a glowing golden altar of the Shining One.
  1725 | D:3      | Identified the +1 pair of gloves of Gehenna {rC+ Dex+3}
  1801 | D:4      | XOM: god gift: grey potion {god gift}
  1805 | D:4      | Noticed a black bear
  1815 | D:4      | Killed a black bear
  2129 | D:4      | Reached XP level 7. HP: 48/54 MP: 0/0
  2129 | D:4      | Learned a level 3 spell: Teleport Other
  2209 | D:4      | XOM: 1-stop teleportation journey
  2324 | D:4      | XOM: 2-stop teleportation journey
  2325 | D:4      | Found an iron altar of Okawaru.
  2497 | D:4      | XOM: cloud trail
  2675 | D:4      | XOM: give mutations
  2675 | D:4      | Gained mutation: You expend health (3 HP) to strengthen
                  | your wands. [Xom's grace]
  2675 | D:4      | Gained mutation: You are strong-willed. (Will+) [Xom's
                  | grace]
  2844 | D:5      | Entered Level 5 of the Dungeon
  2918 | D:5      | Reached skill level 6 in Fighting
  3022 | D:5      | Found a runed translucent gate.
  3022 | D:5      | Found a runed translucent gate.
  3023 | D:5      | Noticed freelancePsychic's ghost (novice MiCj)
  3024 | D:5      | Found a runed translucent gate.
  3283 | D:5      | Found a hide-covered altar of Uskayaw.
  3512 | D:5      | XOM: 2-stop teleportation journey
  3579 | D:3      | XOM: god gift: 48 gold pieces
  3739 | D:5      | XOM: cleaving
  3942 | D:5      | XOM: give mutations
  3942 | D:5      | Gained mutation: You are clumsy. (Dex -2) [Xom's mischief]
  3957 | D:5      | XOM: god gift: 2 atropa-tipped darts
  3967 | D:5      | XOM: destruction
  3971 | D:5      | Reached XP level 8. HP: 62/62 MP: 0/0
  4126 | D:5      | XOM: give mutation
  4126 | D:5      | Gained mutation: You are highly strong-willed. (Will++)
                  | [Xom's grace]
  4253 | D:5      | XOM: scenery: 3 doors open, 2 doors close
  4517 | D:6      | Noticed Prince Ribbit
  4635 | D:6      | XOM: fog
  4648 | D:5      | Killed Prince Ribbit
  4649 | D:5      | Reached skill level 7 in Fighting
  4925 | D:5      | XOM: scenery: 1 doors close
  4930 | D:6      | XOM: polymorph bullfrog -> worm
  5119 | D:6      | Reached skill level 5 in Spellcasting
  5119 | D:6      | Reached skill level 5 in Conjurations
  5119 | D:6      | Reached skill level 5 in Hexes
  5119 | D:6      | Reached skill level 5 in Summonings
  5119 | D:6      | Reached skill level 5 in Necromancy
  5119 | D:6      | Reached skill level 5 in Translocations
  5119 | D:6      | Reached skill level 5 in Transmutations
  5119 | D:6      | Reached skill level 5 in Fire Magic
  5119 | D:6      | Reached skill level 5 in Ice Magic
  5119 | D:6      | Reached skill level 5 in Air Magic
  5119 | D:6      | Reached skill level 5 in Earth Magic
  5119 | D:6      | Reached skill level 5 in Poison Magic
  5252 | D:6      | Noticed Grinder
  5516 | D:6      | Reached skill level 8 in Fighting
  5516 | D:6      | Reached XP level 9. HP: 70/70 MP: 0/0
  5516 | D:6      | Learned a level 4 spell: Cause Fear
  5568 | D:6      | Identified the +3 short sword "Sosick" {drain, rF+ rN+
                  | Str-5 Int+3}
  5579 | D:6      | XOM: enchant monster (bad)
  5580 | D:6      | XOM: silly message
  5736 | D:6      | XOM: chaos cloud
  5745 | D:6      | Killed Grinder
  5977 | D:7      | XOM: summons 5 hostile demons
  6022 | D:7      | XOM: stat loss: -1 Str (10/11)
  6032 | D:7      | XOM: draining
  6036 | D:7      | HP: 2/61 [phantom (6)]
  6042 | D:7      | Reached skill level 9 in Fighting
  6049 | D:7      | XOM: polymorph killer bee -> worm
  6056 | D:7      | XOM: 1-stop teleportation journey
  6084 | D:7      | Found a flagged portal.
  6124 | Bailey   | Entered a bailey
  6311 | Bailey   | HP: 2/67 [orc warrior/bolt (7)]
  6324 | Bailey   | Shot with a bolt by an orc warrior

Illustrated notes

Levels and vault maps discovered:
D:1:      minmay_arrival_shattered_statue, layout_rooms,
          dreamdust_ecumenical_altar_grove
D:2:      layout_rooms
D:3:      layout_rooms, kiku_gazebo_pond_becter, nicolae_overflow_hidden_temple,
          interstate_on_off, uniq_sigmund
D:4:      kennysheep_kobold_camp, layout_basic, okawaru_metal_pillars_1_2,
          grunt_decor_fettered
D:5:      layout_loops_corners, mainiacjoe_overflow_24_doors,
          gammafunk_ghost_nasty_kobolds
D:6:      layout_cave_pools, nicolae_half_adder, uniq_prince_ribbit1,
          uniq_grinder
D:7:      layout_rooms, mainiacjoe_overflow_catwalk,
          minmay_temple_entry_enclosed_plants, enter_bailey_8, st_stairs_2
Bailey:   bailey_polearm_2, bailey

Skill      XL: |  1  2  3  4  5  6  7  8  9 |
---------------+----------------------------+-----
Spellcasting   | 1 2 3 4 5 6 |  6.2
Conjurations   | 1 2 3 4 5 6 |  6.2
Hexes          | 1 2 3 4 5 6 |  6.2
Summonings     | 1 2 3 4 5 6 |  6.2
Necromancy     | 1 2 3 4 5 6 |  6.2
Translocations | 1 2 3 4 5 6 |  6.2
Transmutations | 1 2 3 4 5 6 |  6.2
Fire Magic     | 1 2 3 4 5 6 |  6.2
Ice Magic      | 1 2 3 4 5 6 |  6.2
Air Magic      | 1 2 3 4 5 6 |  6.2
Earth Magic    | 1 2 3 4 5 6 |  6.2
Poison Magic   | 1 2 3 4 5 6 |  6.2
Fighting       | 5 6 8 9 |  9.1
Long Blades    | |  2.7
Armour         | |  1.1
Dodging        | |  2.2

Action                     |  1- 3 |  4- 6 |  7- 9 || total
---------------------------+-------+-------+-------++-------
  Melee: Falchion          |    96 |       |       ||    96
         Punch             |     1 |     4 |     4 ||     9
         Spear             |    10 |   111 |   320 ||   441
    Use: Scroll            |       |       |    14 ||    14
         Potion            |       |       |     2 ||     2
   Stab: Paralysed         |     1 |       |       ||     1
 Armour: Leather armour    |    68 |    85 |    39 ||   192
         Plate armour      |       |       |   224 ||   224
  Dodge: Dodged            |    66 |    73 |   131 ||   270

Table legend: (Time is in decaauts)
 A = Elapsed time spent in this place.
 B = Non-inter-level travel time spent in this place.
 C = Inter-level travel time spent in this place.
 D = Time resting spent in this place.
 E = Time spent auto-exploring this place.
 F = Levels seen in this place.
 G = Mean time per level.
                   A        B        C        D        E       F      G
               +--------+--------+--------+--------+--------+-----+--------+
         Total |   6387 |   5938 |    449 |    625 |   3937 |   8 |  798.4 |
       Dungeon |   6186 |   5737 |    449 |    625 |   3782 |   7 |  883.7 |
        Bailey |    201 |    201 |      0 |      0 |    155 |   1 |  201.0 |
               +--------+--------+--------+--------+--------+-----+--------+

Top non-repeatable levels by time:
     D:5: 2244 daAuts
     D:4: 1160 daAuts
     D:1: 749 daAuts
     D:6: 734 daAuts
     D:3: 630 daAuts
     D:2: 509 daAuts
  Bailey: 201 daAuts
     D:7: 157 daAuts
